 Dungeon Crawl Stone Soup version 0.27-a0-1140-g099f9bb0e8 (webtiles) character file.

Game seed: 18267793290163181503

56 sanka the Magician (level 3, -1/29 HPs)
             Began as a Djinni Wanderer on May 9, 2021.
             Slain by a goblin
             ... wielding a +0 club
             ... led by Robin
              (4 damage)
             ... on level 3 of the Dungeon.
             The game lasted 00:02:24 (2233 turns).

sanka the Magician (Djinni Wanderer)                Turns: 2233, Time: 00:02:25

Health: -1/29      AC:  2    Str: 10    XL:     3   Next: 95%
Gold:   57         EV: 12    Int: 14    God:
                   SH:  0    Dex: 13

rFire    + + .     SeeInvis .   a - +1 dagger (elec)
rCold    x . .     Faith    .   (no shield)
rNeg     . . .     Spirit   .   d - +0 robe
rPois    ∞         Reflect  .   (no helmet)
rElec    .         Harm     .   (no cloak)
rCorr    .         Rampage  .   (no gloves)
Will     .....                  (boots unavailable)
Stlth    +.........             (no amulet)
HPRegen  0.09/turn              (no ring)
MPRegen  0.00/turn              (no ring)

@: flying
A: sickness immunity, fire resistance 2, cold vulnerability 1, float, innate
caster, hp casting, extra vitality 1
a: no special abilities


You were on level 3 of the Dungeon.
You visited 1 branch of the dungeon, and saw 3 of its levels.

You collected 57 gold pieces.


Innate Abilities, Weirdness & Mutations

You are immune to sickness and miasma.
You are immune to poison.
Your flesh is very heat resistant. (rF++)
You are vulnerable to cold. (rC-)
You float through the air rather than walking.
You learn spells naturally, not from books.
Your magical power is your life essence.
You have superior vitality. (+4 HP)


   Skills:
 + Level 2.8 Fighting
 - Level 1.0 Armour
 + Level 2.0 Dodging
 - Level 1.0 Shields
 + Level 4.8 Spellcasting
 - Level 1.0 Evocations


You had 6 spell levels left.
You knew the following spells:

 Your Spells              Type           Power      Damage    Failure   Level
y - Inner Flame           Hex/Fire       17%        N/A       7%          3
z - Foxfire               Conj/Fire      68%        2x1d7     2%          1
Z - Corona                Hex            18%        N/A       2%          1
Your spell library was empty.

Inventory:

Hand Weapons
 a - a +1 dagger of electrocution (weapon)
 g - a +2 spear
Armour
 d - a +0 robe (worn)
Jewellery
 i - a ring of fire
Scrolls
 b - 2 scrolls of identify {unknown}
 e - a scroll of blinking {unknown}
 f - a scroll of torment {unknown}
 h - a scroll of fog {unknown}
Potions
 c - 2 potions of curing {@q1}

Dungeon Overview and Level Annotations

Branches:
Dungeon (3/15)

Altars:

Annotations:
D:3 Robin

.▒.▒.. .....g▒▒▒
▒......g▒ ▒. ▒<▒
▒▒..▒▒.▒▒
▒......g▒▒ ..
▒..▒▒▒▒..g▒▒▒..▒
▒.▒gg...▒
▒.gR▒..▒▒
▒▒▒g▒..▒ ▒.. .▒
.... ▒ ▒..▒▒
▒..▒ ..?▒ ▒▒.▒


You could see Robin, 2 hobgoblins and 5 goblins.


Message History

The hobgoblin hits you.
You hit the hobgoblin but do no damage.
The hobgoblin is almost dead.
A hobgoblin comes into view.
Robin roars a battlecry!
The goblin goes into a battle-frenzy!
The goblin barely misses you. The hobgoblin hits you!
* * * LOW HITPOINT WARNING * * *
You can't go up here!
Unknown command.
The goblin hits you with a +0 club.
* * * LOW HITPOINT WARNING * * *
A goblin comes into view. It is wielding a +0 club.
The goblin closely misses you.
A hobgoblin comes into view.
The hobgoblin moves out of view.
Found a scroll labelled EGAMUUGONK.
Robin throws the goblin at you!
* * * LOW HITPOINT WARNING * * *
You barely miss the goblin.
The goblin shouts!
A goblin comes into view. It is wielding a +0 club.
The goblin closely misses you. The goblin barely misses you.
Robin throws the goblin at you!
* * * LOW HITPOINT WARNING * * *
You closely miss the goblin. The goblin hits you with a +0 club.
You die...

Action                   || total
-------------------------++-------
Melee: Spear             ||     2
       Dagger            ||    57
 Cast: Foxfire           ||    27
Armor: Robe              ||    13
Dodge: Dodged            ||    56

Levels and vault maps discovered:
D:1:      psy_arrival_radial02, layout_rooms
D:2:      layout_loops_corners
D:3:      layout_rooms, grunt_gozag_statues, nicolae_overflow_hidden_temple,
          marbit_many_paths, uniq_robin

Notes
Turn   | Place    | Note
-------+----------+-------------------------------------------
     0 | D:1      | sanka the Djinni Wanderer began the quest for the Orb.
     0 | D:1      | Reached XP level 1. HP: 18/18 MP: 0/0
   279 | D:1      | Reached XP level 2. HP: 22/23 MP: 0/0
   478 | D:1      | Reached skill level 1 in Dodging
  1001 | D:2      | Reached XP level 3. HP: 28/29 MP: 0/0
  1001 | D:2      | Learned a level 1 spell: Corona
  2171 | D:2      | Reached skill level 2 in Dodging
  2223 | D:3      | Noticed Robin
  2233 | D:3      | Slain by a goblin

Vanquished Creatures
  2 adders (D:2)
  5 bats
  An endoplasm (D:1)
  3 goblins
  2 hobgoblins
  4 jackals (D:1)
  2 quokkas
  7 ball pythons
  6 frilled lizards
  A kobold (D:1)
  4 rats
37 creatures vanquished.

Vanquished Creatures (others)
  41 foxfires (D:1)
41 creatures vanquished.

Grand Total: 78 creatures vanquished
